[Event "GambitGuide"]
[Site "Internet Chess Club"]
[Date "2014.10.31"]
[Round "1"]
[White "JSBach"]
[Black "Lapin82"]
[Result "0-1"]
[ICCResult "White checkmated"]
[WhiteElo "1747"]
[BlackElo "1684"]
[Opening "Vienna: `Frankenstein-Dracula' variation"]
[ECO "C27"]
[NIC "VG.02"]
[Time "14:56:35"]
[TimeControl "120+12"]

1. e4 e5 2. Nc3 Nf6 3. Bc4 Nxe4 4. Qh5 Nd6 5. Bb3 Nc6 6. Nb5 g6 7. Qf3 f5 8.
Qd5 Qe7 9. Nxc7+ Kd8 10. Nxa8 b6 11. d3 Bb7 12. Nxb6 axb6 13. Qf3 Nd4 14.
Qg3 f4 15. Qg4 N6f5 16. Ne2 Nxe2 17. Kxe2 Bxg2 18. Rd1 Nh4 19. Kd2 h5 20.
Qxg2 Nxg2 21. Rg1 f3 22. Bd5 Bh6+ 23. Kd1 Bxc1 24. Kxc1 Qg5+ 25. Kb1 Qf4 26.
Rh1 g5 27. a4 g4 28. Be4 Rh6 29. Ra3 Kc7 30. a5 bxa5 31. Rxa5 Rb6 32. Ra7+
Kd8 33. b3 Qd2 34. Bf5 Nf4 35. Rxd7+ Ke8 36. d4 exd4 37. Rc7 Ne2 38. Rf1
Nc3+ 39. Kb2 Ra6 40. Rc8+ Kf7 41. b4 Ra2+ 42. Kb3 Ra7 43. Rh8 Kf6 44. Rxh5
Rc7 45. Bxg4 Ne4 46. Rf5+ Kg6 47. Ka3 Rc3+ 48. Ka4 Qxc2+ 49. Ka5 Qa2+ 50.
Kb6 Qe6+ 51. Kb7 Qc6+ 52. Ka7 Qc7+ 53. Ka8 Ra3+ 54. Ra5 Rxa5+ 55. bxa5 Nc5
56. Rb1 Qxa5+ 57. Kb8 Qd8+ 58. Ka7 Qc7+ 59. Ka8 Ne4 60. Bxf3 Nd6 61. Rg1+
Kf5 62. Rg8 Nb5 63. Rf8+ Ke5 64. Re8+ Kf4 65. Rf8+ Kg5 66. Rg8+ Kf6 67. Bb7
Nd6 68. Bf3 d3 69. Rf8+ Ke7 70. Rg8 d2 71. Rg5 Qc8+ 72. Ka7 Nb5+ 73. Rxb5
Qc2 74. Re5+ Kf6 75. Rb5 d1=Q 76. Bxd1 Qxd1 77. Rb6+ Kg5 78. Rb5+ Kf4 79.
Rb4+ Kf3 80. h4 Qd7+ 81. Ka6 Qd6+ 82. Kb5 Qe5+ 83. Kc4 Qe2+ 84. Kd5 Qxf2 85.
Re4 Qg2 86. Rd4 Kg3+ 87. Kc5 Qf2 88. Kd5 Qe3 89. Re4 Qh6 90. Ke5 Qg7+ 91.
Kd5 Qf6 92. Rc4 Qf5+ 93. Kc6 Qe6+ 94. Kb5 Qd5+ 95. Kb4 Kf3 96. Kc3 Ke3 97.
Rb4 Qd3+ 98. Kb2 Kd2 99. Ka2 Kc2 100. Rb2+ Kc1 101. Rb4 Qc2+ 102. Ka3 Qc5
103. Ka4 Kc2 104. Rg4 Qc6+ 105. Kb4 Qd6+ 106. Ka5 Qc7+ 107. Kb4 Qb7+ 108.
Ka5 Qa8+ 109. Kb4 Qb8+ 110. Ka4 Qa7+ 111. Kb4 Qb7+ 112. Ka5 Qc7+ 113. Kb4
Qd6+ 114. Ka5 Qe5+ 115. Ka4 Qe8+ 116. Kb4 Qe7+ 117. Ka5 Qd8+ 118. Kb4 Qf8+
119. Ka4 Qe8+ 120. Ka3 Qe7+ 121. Rb4 Kc3 122. Ka2 Qxb4 123. h5 Qb2#
{White checkmated}
0-1

[Event "GambitGuide"]
[Site "Internet Chess Club"]
[Date "2014.10.31"]
[Round "1"]
[White "JSBach"]
[Black "croder"]
[Result "1-0"]
[ICCResult "Black resigns"]
[WhiteElo "1729"]
[BlackElo "1604"]
[Opening "Vienna: `Frankenstein-Dracula' variation"]
[ECO "C27"]
[NIC "VG.02"]
[Time "15:01:15"]
[TimeControl "120+12"]

1. e4 e5 2. Nc3 Nf6 3. Bc4 Nxe4 4. Qh5 Nd6 5. Bb3 Nc6 6. Nb5 g6 7. Qf3 f5 8.
Qd5 Qe7 9. Nxc7+ Kd8 10. Nxa8 b6 11. d3 Bb7 12. Nxb6 axb6 13. Qf3 Kc7 14.
Be3 h6 15. Bd5 Qf6 16. c3 g5 17. Ne2 f4 18. h3 Bg7 19. Bc1 h5 20. O-O g4 21.
hxg4 hxg4 22. Qxg4 Rh6 23. Re1 Rg6 24. Qf3 Qh4 25. g3 fxg3 26. fxg3 Qh3 27.
Qg2 Qg4 28. Qf3 Qh3 29. Qf1 Qh5 30. Qf3 Qh6 31. Bxh6 Bxh6 32. Be4
{Black resigns}
1-0

[Event "GambitGuide"]
[Site "Internet Chess Club"]
[Date "2014.10.31"]
[Round "1"]
[White "JSBach"]
[Black "NFork"]
[Result "1-0"]
[ICCResult "Black resigns"]
[WhiteElo "1729"]
[BlackElo "2168"]
[Opening "Vienna: `Frankenstein-Dracula' variation"]
[ECO "C27"]
[NIC "VG.02"]
[Time "14:57:38"]
[TimeControl "120+12"]

1. e4 e5 2. Nc3 Nf6 3. Bc4 Nxe4 4. Qh5 Nd6 5. Bb3 Nc6 6. Nb5 g6 7. Qf3 f5 8.
Qd5 Qe7 9. Nxc7+ Kd8 10. Nxa8 b6 11. d3 Bb7 12. Nxb6 Nd4 13. Bg5 Qxg5 14.
Qxe5 Qxg2 15. Qxh8 axb6 16. Qxd4 Qxh1 17. Qxb6+ Kc8 18. O-O-O Bh6+ 19. Kb1
Bf3 20. Qa6+ Nb7 21. Re1 Kc7 22. Nxf3 Qxf3 23. Qc4+ Kb6 24. Qd4+ Nc5 25. a4
Kc6 26. Bg8 Bd2 27. Rg1 {Black resigns} 1-0

[Event "GambitGuide"]
[Site "Internet Chess Club"]
[Date "2014.10.31"]
[Round "1"]
[White "JSBach"]
[Black "JoseLL23"]
[Result "1-0"]
[ICCResult "Black resigns"]
[WhiteElo "1744"]
[BlackElo "1601"]
[Opening "Vienna: `Frankenstein-Dracula' variation"]
[ECO "C27"]
[NIC "VG.02"]
[Time "14:59:00"]
[TimeControl "120+12"]

1. e4 e5 2. Nc3 Nf6 3. Bc4 Nxe4 4. Qh5 Nd6 5. Bb3 Nc6 6. Nb5 g6 7. Qf3 f5 8.
Qd5 Qe7 9. Nxc7+ Kd8 10. Nxa8 b6 11. d3 Bb7 12. Nxb6 axb6 13. Qf3 Nd4 14.
Qh3 f4 15. Ba4 b5 16. Bb3 e4 17. Bxf4 exd3+ 18. Kf1 dxc2 19. Re1 Qf6 20. Bc1
Be7 21. Ne2 Rf8 22. Nf4 Nxb3 23. Qxb3 g5 24. Nh3 Qf5 25. Qe3 Qf6 26. Nxg5
Qxg5 27. Qb6+ {Black resigns} 1-0

[Event "GambitGuide"]
[Site "Internet Chess Club"]
[Date "2014.10.31"]
[Round "1"]
[White "JSBach"]
[Black "croder"]
[Result "1-0"]
[ICCResult "Black resigns"]
[WhiteElo "1729"]
[BlackElo "1604"]
[Opening "Vienna: `Frankenstein-Dracula' variation"]
[ECO "C27"]
[NIC "VG.02"]
[Time "15:02:16"]
[TimeControl "120+12"]

1. e4 e5 2. Nc3 Nf6 3. Bc4 Nxe4 4. Qh5 Nd6 5. Bb3 Nc6 6. Nb5 g6 7. Qf3 f5 8.
Qd5 Qe7 9. Nxc7+ Kd8 10. Nxa8 b6 11. d3 Bb7 12. Nxb6 axb6 13. Qf3 Kc7 14. c3
h6 15. Bd5 Qf6 16. Be3 f4 17. Ne2 Be7 18. Bd2 g5 19. O-O h5 20. h3 Rh7 21.
Rae1 Rg7 22. Qxh5 Nd8 23. Bxb7 Kxb7 24. Qf3+ Kc7 25. Qa8 N8b7 26. d4 e4 27.
h4 f3 28. Bxg5 Qf5 29. Ng3 Qg4 30. Bxe7 Rxe7 31. gxf3 Qxf3 32. Re3 Qg4 33.
Rfe1 Qxh4 34. Kf1 Qh3+ 35. Ke2 Qg4+ 36. Kd2 Nc4+ 37. Kc1 Nxe3 38. Rxe3 d5
39. Qf8 Qe6 40. Re2 Nd6 41. Qa8 Nc4 42. b3 Nd6 43. Qa7+ Nb7 44. c4 dxc4 45.
bxc4 Qxc4+ 46. Rc2 Qxc2+ 47. Kxc2 e3 48. Qa3 exf2 49. Qxe7+ Kc6 50. d5+ Kxd5
51. Qxb7+ Kc5 52. Qc7+ Kd4 53. Qxb6+ Ke5 54. Qxf2 {Black resigns} 1-0

[Event "GambitGuide"]
[Site "Internet Chess Club"]
[Date "2014.10.31"]
[Round "1"]
[White "JSBach"]
[Black "clicklock"]
[Result "1-0"]
[ICCResult "Black resigns"]
[WhiteElo "1729"]
[BlackElo "1336"]
[Opening "Vienna: `Frankenstein-Dracula' variation"]
[ECO "C27"]
[NIC "VG.02"]
[Time "15:01:51"]
[TimeControl "120+12"]

1. e4 e5 2. Nc3 Nf6 3. Bc4 Nxe4 4. Qh5 Nd6 5. Bb3 Nc6 6. Nb5 g6 7. Qf3 f5 8.
Qd5 Qe7 9. Nxc7+ Kd8 10. Nxa8 b6 11. d3 Nd4 12. f4 Bb7 13. Qxe5 Qxe5+ 14.
fxe5 Nxb3 15. axb3 Nb5 16. Bg5+ Be7 17. Bf6 Bxf6 18. exf6 Bxg2 19. Nxb6 axb6
20. c4 Nd6 21. c5 bxc5 22. Ra6 Kc7 23. Ra7+ Kc6 24. b4 cxb4 25. Ra6+ Kd5 26.
Ra5+ Kc6 27. Ra6+ Kc7 28. Ra7+ Kc6 29. Ra6+ Kc7 30. Ra7+ Kb6 31. Rxd7 Re8+
32. Kd2 Nc4+ 33. dxc4 Bxh1 34. Rxh7 Kc5 35. Rg7 Kxc4 36. Rxg6 Be4 37. h4 f4
38. Rg4 Bg6 39. Rxg6 {Black resigns} 1-0

[Event "GambitGuide"]
[Site "Internet Chess Club"]
[Date "2014.10.31"]
[Round "1"]
[White "JSBach"]
[Black "almoehi"]
[Result "1-0"]
[ICCResult "Black resigns"]
[WhiteElo "1729"]
[BlackElo "1458"]
[Opening "Vienna: `Frankenstein-Dracula' variation"]
[ECO "C27"]
[NIC "VG.02"]
[Time "15:00:48"]
[TimeControl "120+12"]

1. e4 e5 2. Nc3 Nf6 3. Bc4 Nxe4 4. Qh5 Nd6 5. Bb3 Nc6 6. Nb5 g6 7. Qf3 f5 8.
Qd5 Qe7 9. Nxc7+ Kd8 10. Nxa8 b6 11. d3 e4 12. dxe4 Nxe4 13. Be3 f4 14. Nxb6
fxe3 15. O-O-O axb6 16. Qxc6 Nxf2 17. Qxb6+ Ke8 18. Qc7 Qc5 19. Qxc5 Bxc5
20. Rd5 d6 21. Ba4+ Ke7 22. b4 Bxb4 23. Kb1 Nxh1 24. Ne2 Bg4 25. c3 Bxe2 26.
cxb4 Nf2 27. Bc2 Ra8 28. a4 Bc4 29. Rd1 e2 30. Re1 Nd3 31. Rxe2+ Kd7 32. Re4
d5 33. Rh4 h5 34. b5 Kc7 35. Rh3 Nc5 36. Bxg6 Rxa4 37. Bf5 Rb4+ 38. Kc2 Rxb5
39. Rxh5 Kd6 40. h3 Ra5 41. g4 Ke7 42. Kc3 Kf6 43. h4 Be2 44. Rg5 Bf3 45.
Kb4 Nb7 46. Bc8 Ra7 47. Rf5+ Ke7 48. Rxf3 Nd6 49. Re3+ Kd8 50. Be6 d4 51.
Rd3 Rb7+ 52. Kc5 Ne4+ 53. Kxd4 Nd6 54. Ke5 {Black resigns} 1-0

[Event "GambitGuide"]
[Site "Internet Chess Club"]
[Date "2014.10.31"]
[Round "1"]
[White "JSBach"]
[Black "croder"]
[Result "1-0"]
[ICCResult "Black resigns"]
[WhiteElo "1729"]
[BlackElo "1604"]
[Opening "Vienna: `Frankenstein-Dracula' variation"]
[ECO "C27"]
[NIC "VG.02"]
[Time "15:03:56"]
[TimeControl "120+12"]

1. e4 e5 2. Nc3 Nf6 3. Bc4 Nxe4 4. Qh5 Nd6 5. Bb3 Nc6 6. Nb5 g6 7. Qf3 f5 8.
Qd5 Qe7 9. Nxc7+ Kd8 10. Nxa8 b6 11. d3 Bb7 12. Nxb6 axb6 13. Qf3 Kc7 14.
Bd2 h6 15. Qg3 Qf6 16. Ne2 g5 17. Bd5 f4 18. Qf3 h5 19. Bc3 Bg7 20. h3 Qf5
21. O-O-O g4 22. Ng3 Qg5 23. Ne4 Qf5 24. Nxd6 Kxd6 25. hxg4 hxg4 26. Qe4 Qf6
27. Rxh8 Bxh8 28. d4 Kc7 29. dxe5 Nxe5 30. Bxb7 Nc6 31. Bxf6 {Black resigns}
1-0

[Event "GambitGuide"]
[Site "Internet Chess Club"]
[Date "2014.10.31"]
[Round "1"]
[White "JSBach"]
[Black "nsideurheadbro"]
[Result "1-0"]
[ICCResult "Black resigns"]
[WhiteElo "1727"]
[BlackElo "1184"]
[Opening "Vienna: `Frankenstein-Dracula' variation"]
[ECO "C27"]
[NIC "VG.02"]
[Time "15:03:06"]
[TimeControl "120+12"]

1. e4 e5 2. Nc3 Nf6 3. Bc4 Nxe4 4. Qh5 Nd6 5. Bb3 Nc6 6. Nb5 g6 7. Qf3 f5 8.
Qd5 Qe7 9. Nxc7+ Kd8 10. Nxa8 b6 11. d3 Bb7 12. Nxb6 axb6 13. Qf3 h6 14. Qg3
g5 15. Be3 f4 16. Bxb6+ Kc8 17. Qf3 Nd4 18. Qh3 e4 19. Bxd4 exd3+ 20. Kf1
Rh7 21. Re1 d2 22. Qc3+ Bc6 23. Rxe7 d1=Q+ 24. Re1 Qh5 25. Qc5 Qg6 26. Bd5
Ne4 27. Qxf8+ Kc7 28. Be5+ d6 29. Bxe4 Bxe4 30. Qxd6+ Kc8 31. Qb8+ Kd7 32.
Rd1+ Ke6 33. Rd6+ Kf5 34. Qc8+ Kxe5 35. Qc5+ {Black resigns} 1-0

[Event "GambitGuide"]
[Site "Internet Chess Club"]
[Date "2014.10.31"]
[Round "1"]
[White "JSBach"]
[Black "croder"]
[Result "1-0"]
[ICCResult "Black resigns"]
[WhiteElo "1727"]
[BlackElo "1604"]
[Opening "Vienna: `Frankenstein-Dracula' variation"]
[ECO "C27"]
[NIC "VG.02"]
[Time "15:05:13"]
[TimeControl "120+12"]

1. e4 e5 2. Nc3 Nf6 3. Bc4 Nxe4 4. Qh5 Nd6 5. Bb3 Nc6 6. Nb5 g6 7. Qf3 f5 8.
Qd5 Qe7 9. Nxc7+ Kd8 10. Nxa8 b6 11. d3 Bb7 12. Nxb6 axb6 13. Qf3 Kc7 14.
Bd2 h6 15. Qg3 g5 16. Ne2 Bg7 17. Bd5 Bf6 18. Rd1 Rh7 19. Qe3 Rg7 20. Rf1 f4
21. Qh3 Rh7 22. Qf3 h5 23. h3 Qg7 24. Rh1 Ne7 25. Bxb7 Nxb7 26. Nc3 d6 27.
Nd5+ Nxd5 28. Qxd5 g4 29. d4 exd4 30. Bxf4 Be5 31. Bxe5 dxe5 32. hxg4 h4 33.
c3 dxc3 34. Rc1 Kb8 35. Rxc3 Qe7 36. Rhh3 e4 37. Rhe3 Nd6 38. Rc6 Rh6 39.
Rxb6+ Kc8 40. Qa8+ Kd7 41. Qc6+ Ke6 42. Qxe4+ Kf7 43. Qxe7+ {Black resigns}
1-0

[Event "GambitGuide"]
[Site "Internet Chess Club"]
[Date "2014.10.31"]
[Round "1"]
[White "JSBach"]
[Black "JoseLL23"]
[Result "0-1"]
[ICCResult "White checkmated"]
[WhiteElo "1727"]
[BlackElo "1601"]
[Opening "Vienna: `Frankenstein-Dracula' variation"]
[ECO "C27"]
[NIC "VG.02"]
[Time "15:05:06"]
[TimeControl "120+12"]

1. e4 e5 2. Nc3 Nf6 3. Bc4 Nxe4 4. Qh5 Nd6 5. Bb3 Nc6 6. Nb5 g6 7. Qf3 f5 8.
Qd5 Qe7 9. Nxc7+ Kd8 10. Nxa8 b6 11. d3 Bb7 12. Nxb6 axb6 13. Qf3 Nd4 14.
Qg3 f4 15. Qg4 g5 16. Ba4 h5 17. Qd1 Bxg2 18. c3 Nc6 19. Bxc6 dxc6 20. Qb3
Kc7 21. Qa4 Kb7 22. f3 Bxh1 23. h3 g4 24. hxg4 hxg4 25. fxg4 Qh4+ 26. Kd1
Qxg4+ 27. Ne2 Bf3 28. Kc2 Bxe2 29. Kd2 Qf3 30. Qc4 Nxc4+ 31. dxc4 Bd3 32. b3
Qe2# {White checkmated} 0-1

[Event "GambitGuide"]
[Site "Internet Chess Club"]
[Date "2014.10.31"]
[Round "1"]
[White "JSBach"]
[Black "almoehi"]
[Result "1-0"]
[ICCResult "Black resigns"]
[WhiteElo "1742"]
[BlackElo "1458"]
[Opening "Vienna: `Frankenstein-Dracula' variation"]
[ECO "C27"]
[NIC "VG.02"]
[Time "15:05:12"]
[TimeControl "120+12"]

1. e4 e5 2. Nc3 Nf6 3. Bc4 Nxe4 4. Qh5 Nd6 5. Bb3 Nc6 6. Nb5 g6 7. Qf3 f5 8.
Qd5 Qe7 9. Nxc7+ Kd8 10. Nxa8 b6 11. d3 e4 12. dxe4 Nxe4 13. Be3 f4 14. f3
fxe3 15. Qxe4 Qxe4 16. fxe4 Bc5 17. Ba4 Bb7 18. Nxb6 Bxb6 19. c3 Re8 20. Bc2
Ne5 21. Ne2 Nc4 22. O-O-O Nd2 23. Rhe1 Bxe4 24. Bxe4 Rxe4 25. b3 Rg4 26. g3
Rg5 27. Nd4 Bxd4 28. cxd4 Nf3 29. Rxe3 Nxh2 30. Rde1 Ng4 31. Re7 h5 32. b4
Nf6 33. R7e3 Nd5 34. Rb3 a6 35. b5 axb5 36. Rxb5 Kc7 37. a4 Kc6 38. Re5 Rxe5
39. dxe5 Nc3 40. Rb3 Nxa4 41. Kd2 Nb6 42. Kc3 Nd5+ 43. Kd4 Nc7 44. Rc3+ Kb7
45. Kc5 Ne6+ 46. Kd6 Ng5 47. Kxd7 Ne4 48. Rc7+ Kb8 49. e6 Nxg3 50. e7
{Black resigns}
1-0

[Event "GambitGuide"]
[Site "Internet Chess Club"]
[Date "2014.10.31"]
[Round "1"]
[White "JSBach"]
[Black "nsideurheadbro"]
[Result "1-0"]
[ICCResult "Black checkmated"]
[WhiteElo "1742"]
[BlackElo "1184"]
[Opening "Vienna: `Frankenstein-Dracula' variation"]
[ECO "C27"]
[NIC "VG.02"]
[Time "15:07:15"]
[TimeControl "120+12"]

1. e4 e5 2. Nc3 Nf6 3. Bc4 Nxe4 4. Qh5 Nd6 5. Bb3 Nc6 6. Nb5 g6 7. Qf3 f5 8.
Qd5 Qe7 9. Nxc7+ Kd8 10. Nxa8 b6 11. d3 Bb7 12. Nxb6 axb6 13. Qf3 f4 14. Bd2
e4 15. dxe4 Nxe4 16. O-O-O Nd4 17. Qxf4 Bg7 18. Qb8+ Bc8 19. Qxb6+ Ke8 20.
Re1 Qh4 21. Bd5 Qxf2 22. Rxe4+ Kf8 23. Qd6# {Black checkmated} 1-0

[Event "GambitGuide"]
[Site "Internet Chess Club"]
[Date "2014.10.31"]
[Round "1"]
[White "JSBach"]
[Black "Zhbugnoimt"]
[Result "0-1"]
[ICCResult "White checkmated"]
[WhiteElo "1740"]
[BlackElo "1680"]
[Opening "Vienna: `Frankenstein-Dracula' variation"]
[ECO "C27"]
[NIC "VG.02"]
[Time "15:09:20"]
[TimeControl "120+12"]

1. e4 e5 2. Nc3 Nf6 3. Bc4 Nxe4 4. Qh5 Nd6 5. Bb3 Nc6 6. Nb5 g6 7. Qf3 f5 8.
Qd5 Qe7 9. Nxc7+ Kd8 10. Nxa8 b6 11. d3 Bb7 12. Nxb6 axb6 13. Qf3 Nd4 14.
Qg3 f4 15. Qg4 Qf6 16. Ba4 N6f5 17. c3 h5 18. Qh3 g5 19. cxd4 g4 20. Bxf4
exf4 21. Bc6 Bxc6 22. d5 Bxd5 23. Qxh5 Rxh5 24. h4 Qxb2 25. Rd1 Bb4+ 26. Kf1
Ne3+ 27. fxe3 fxe3 28. Ne2 Rf5+ 29. Kg1 Qxe2 30. Rd2 Rf1+ 31. Kh2 Bd6#
{White checkmated}
0-1

[Event "GambitGuide"]
[Site "Internet Chess Club"]
[Date "2014.10.31"]
[Round "1"]
[White "JSBach"]
[Black "croder"]
[Result "1-0"]
[ICCResult "Black resigns"]
[WhiteElo "1722"]
[BlackElo "1604"]
[Opening "Vienna: `Frankenstein-Dracula' variation"]
[ECO "C27"]
[NIC "VG.02"]
[Time "15:07:49"]
[TimeControl "120+12"]

1. e4 e5 2. Nc3 Nf6 3. Bc4 Nxe4 4. Qh5 Nd6 5. Bb3 Nc6 6. Nb5 g6 7. Qf3 f5 8.
Qd5 Qe7 9. Nxc7+ Kd8 10. Nxa8 b6 11. d3 Bb7 12. Nxb6 axb6 13. Qf3 Kc7 14. c3
h6 15. Bd5 Qf6 16. Be3 Ne7 17. Bxb7 Nxb7 18. Ne2 Nc6 19. Qd5 Bd6 20. d4 e4
21. Nf4 Bxf4 22. Bxf4+ d6 23. O-O g5 24. Be3 Re8 25. Rfe1 f4 26. Bd2 Qe7 27.
h4 Nbd8 28. c4 Ne6 29. Rxe4 Qd7 30. Rd1 Qf7 31. Rde1 Ncd8 32. a3 gxh4 33.
Bxf4 Nxf4 34. Qxf7+ Kc6 35. Qxe8+ {Black resigns} 1-0

[Event "GambitGuide"]
[Site "Internet Chess Club"]
[Date "2014.10.31"]
[Round "1"]
[White "JSBach"]
[Black "franco"]
[Result "1-0"]
[ICCResult "Black resigns"]
[WhiteElo "1722"]
[BlackElo "1401"]
[Opening "Vienna: `Frankenstein-Dracula' variation"]
[ECO "C27"]
[NIC "VG.02"]
[Time "15:07:14"]
[TimeControl "120+12"]

1. e4 e5 2. Nc3 Nf6 3. Bc4 Nxe4 4. Qh5 Nd6 5. Bb3 Nc6 6. Nb5 g6 7. Qf3 f5 8.
Qd5 Qe7 9. Nxc7+ Kd8 10. Nxa8 b6 11. d3 Bb7 12. Nxb6 axb6 13. Qf3 Bg7 14.
Be3 Rf8 15. Bxb6+ Kc8 16. Qd5 e4 17. dxe4 Nxe4 18. O-O-O Nf6 19. Qd6 Qxd6
20. Rxd6 Bh6+ 21. Kb1 Ne4 22. Rd3 Bg5 23. Nf3 Bd8 24. Bxd8 Kxd8 25. Rf1 Nb4
26. Re3 Re8 27. a4 Nd5 28. Bxd5 Bxd5 29. b4 Ke7 30. Rfe1 Rc8 31. a5 Kf7 32.
a6 Nc3+ 33. Kb2 Nb5 34. Re7+ Kf8 35. Rxd7 Be4 36. Re2 Ra8 37. c4 Na7 38.
Rxh7 Nc6 39. Rh8+ Kg7 40. Rxa8 {Black resigns} 1-0

[Event "GambitGuide"]
[Site "Internet Chess Club"]
[Date "2014.10.31"]
[Round "1"]
[White "JSBach"]
[Black "Ross2012"]
[Result "1-0"]
[ICCResult "Black resigns"]
[WhiteElo "1722"]
[BlackElo "1541"]
[Opening "Vienna: `Frankenstein-Dracula' variation"]
[ECO "C27"]
[NIC "VG.02"]
[Time "15:08:12"]
[TimeControl "120+12"]

1. e4 e5 2. Nc3 Nf6 3. Bc4 Nxe4 4. Qh5 Nd6 5. Bb3 Nc6 6. Nb5 g6 7. Qf3 f5 8.
Qd5 Qe7 9. Nxc7+ Kd8 10. Nxa8 b6 11. d3 Bb7 12. Nxb6 axb6 13. Qf3 Bg7 14.
Qg3 Nd4 15. Bg5 Bf6 16. Bxf6 Qxf6 17. Ba4 Ke7 18. c3 Nc6 19. Nf3 Re8 20. Qh3
h5 21. Bb3 Na5 22. Ba4 b5 23. Bd1 e4 24. dxe4 Bxe4 25. O-O Nac4 26. Re1 Kd8
27. Nd4 g5 28. b3 g4 29. Qxh5 Ne5 30. Bc2 Rh8 31. Qxh8+ Qxh8 32. Bd1 f4 33.
Nxb5 Nxb5 34. Rxe4 d6 35. Rb4 Nxc3 36. Rb8+ Ke7 37. Rxh8 f3 38. a4 fxg2 39.
Kxg2 {Black resigns} 1-0

[Event "GambitGuide"]
[Site "Internet Chess Club"]
[Date "2014.10.31"]
[Round "1"]
[White "JSBach"]
[Black "Zhbugnoimt"]
[Result "0-1"]
[ICCResult "White checkmated"]
[WhiteElo "1722"]
[BlackElo "1680"]
[Opening "Vienna: `Frankenstein-Dracula' variation"]
[ECO "C27"]
[NIC "VG.02"]
[Time "15:10:38"]
[TimeControl "120+12"]

1. e4 e5 2. Nc3 Nf6 3. Bc4 Nxe4 4. Qh5 Nd6 5. Bb3 Nc6 6. Nb5 g6 7. Qf3 f5 8.
Qd5 Qe7 9. Nxc7+ Kd8 10. Nxa8 b6 11. d3 Bb7 12. Nxb6 axb6 13. Qf3 Nd4 14.
Qg3 f4 15. Qg4 Qf6 16. Ba4 N6f5 17. c3 h5 18. Qh3 g5 19. cxd4 g4 20. Bxf4
exf4 21. Bc6 Bxc6 22. d5 Bxd5 23. O-O-O gxh3 24. Nxh3 Bxg2 25. Kb1 Bxh3 26.
a3 Bg2 27. Rhe1 Bg7 28. d4 Nxd4 29. Rg1 Nf3 30. Rd4 Qxd4 31. Kc1 Qxb2+ 32.
Kd1 Qd2# {White checkmated} 0-1

[Event "GambitGuide"]
[Site "Internet Chess Club"]
[Date "2014.10.31"]
[Round "1"]
[White "JSBach"]
[Black "Zhbugnoimt"]
[Result "1-0"]
[ICCResult "Black resigns"]
[WhiteElo "1722"]
[BlackElo "1680"]
[Opening "Vienna: `Frankenstein-Dracula' variation"]
[ECO "C27"]
[NIC "VG.02"]
[Time "15:11:18"]
[TimeControl "120+12"]

1. e4 e5 2. Nc3 Nf6 3. Bc4 Nxe4 4. Qh5 Nd6 5. Bb3 Nc6 6. Nb5 g6 7. Qf3 f5 8.
Qd5 Qe7 9. Nxc7+ Kd8 10. Nxa8 b6 11. d3 Bb7 12. Nxb6 axb6 13. Qf3 Nd4 14.
Qg3 f4 15. Qg4 N6f5 16. Ne2 Qf6 17. Nxd4 h5 18. Ne6+ dxe6 19. Qh3 g5 20. f3
g4 21. fxg4 hxg4 22. Qxg4 Rh4 23. Qg8 Rh8 24. Qxe6 {Black resigns} 1-0

[Event "GambitGuide"]
[Site "Internet Chess Club"]
[Date "2014.10.31"]
[Round "1"]
[White "JSBach"]
[Black "Ross2012"]
[Result "1-0"]
[ICCResult "Black resigns"]
[WhiteElo "1722"]
[BlackElo "1541"]
[Opening "Vienna: `Frankenstein-Dracula' variation"]
[ECO "C27"]
[NIC "VG.02"]
[Time "15:10:59"]
[TimeControl "120+12"]

1. e4 e5 2. Nc3 Nf6 3. Bc4 Nxe4 4. Qh5 Nd6 5. Bb3 Nc6 6. Nb5 g6 7. Qf3 f5 8.
Qd5 Qe7 9. Nxc7+ Kd8 10. Nxa8 b6 11. d3 Bb7 12. Nxb6 axb6 13. Qf3 Bg7 14.
Qg3 Nd4 15. Bg5 Bf6 16. Bxf6 Qxf6 17. Ba4 b5 18. Bb3 Ke7 19. c3 Nxb3 20.
axb3 Re8 21. Ra7 Kf8 22. Qh3 Kg7 23. Ne2 f4 24. Qxd7+ Kh8 25. Rxb7 Nxb7 26.
Qxe8+ Kg7 27. Qxb5 Nd6 28. Qd5 {Black resigns} 1-0

[Event "GambitGuide"]
[Site "Internet Chess Club"]
[Date "2014.10.31"]
[Round "1"]
[White "JSBach"]
[Black "Zhbugnoimt"]
[Result "0-1"]
[ICCResult "White checkmated"]
[WhiteElo "1722"]
[BlackElo "1680"]
[Opening "Vienna: `Frankenstein-Dracula' variation"]
[ECO "C27"]
[NIC "VG.02"]
[Time "15:12:16"]
[TimeControl "120+12"]

1. e4 e5 2. Nc3 Nf6 3. Bc4 Nxe4 4. Qh5 Nd6 5. Bb3 Nc6 6. Nb5 g6 7. Qf3 f5 8.
Qd5 Qe7 9. Nxc7+ Kd8 10. Nxa8 b6 11. d3 Bb7 12. Nxb6 axb6 13. Qf3 Nd4 14.
Qg3 f4 15. Qg4 Qf6 16. Ba4 N6f5 17. c3 h5 18. Qh3 g5 19. cxd4 g4 20. Bxf4
exf4 21. Bc6 Bxc6 22. d5 Bxd5 23. Qxh5 Rxh5 24. h4 Qxb2 25. Rd1 Bxg2 26. Rd2
Bb4 27. Nf3 gxf3 28. Rg1 Qxd2# {White checkmated} 0-1

[Event "GambitGuide"]
[Site "Internet Chess Club"]
[Date "2014.10.31"]
[Round "1"]
[White "JSBach"]
[Black "nsideurheadbro"]
[Result "1-0"]
[ICCResult "Black checkmated"]
[WhiteElo "1722"]
[BlackElo "1184"]
[Opening "Vienna: `Frankenstein-Dracula' variation"]
[ECO "C27"]
[NIC "VG.02"]
[Time "15:09:37"]
[TimeControl "120+12"]

1. e4 e5 2. Nc3 Nf6 3. Bc4 Nxe4 4. Qh5 Nd6 5. Bb3 Nc6 6. Nb5 g6 7. Qf3 f5 8.
Qd5 Qe7 9. Nxc7+ Kd8 10. Nxa8 b6 11. d3 Bb7 12. Nxb6 axb6 13. Qf3 Nd4 14.
Qg3 f4 15. Qg4 g5 16. Ba4 h5 17. Qd1 e4 18. c3 exd3+ 19. Kf1 N4f5 20. Qxd3
Qe4 21. Qxe4 Bxe4 22. Ne2 Bd3 23. Ke1 Bg7 24. Kd1 Be5 25. Bc2 Be4 26. Bxe4
Nxe4 27. Rf1 g4 28. Bxf4 Re8 29. Kc2 h4 30. Bxe5 Rxe5 31. Rae1 Rc5 32. b4
Rc7 33. Kd3 Ned6 34. a4 Nc4 35. Nf4 Nfd6 36. Nd5 Rc6 37. Kd4 Nd2 38. Rg1
Nf5+ 39. Kd3 Rd6 40. c4 Nf3 41. gxf3 gxf3 42. Rg8# {Black checkmated} 1-0

[Event "GambitGuide"]
[Site "Internet Chess Club"]
[Date "2014.10.31"]
[Round "1"]
[White "JSBach"]
[Black "Ross2012"]
[Result "1-0"]
[ICCResult "Black checkmated"]
[WhiteElo "1712"]
[BlackElo "1541"]
[Opening "Vienna: `Frankenstein-Dracula' variation"]
[ECO "C27"]
[NIC "VG.02"]
[Time "15:12:30"]
[TimeControl "120+12"]

1. e4 e5 2. Nc3 Nf6 3. Bc4 Nxe4 4. Qh5 Nd6 5. Bb3 Nc6 6. Nb5 g6 7. Qf3 f5 8.
Qd5 Qe7 9. Nxc7+ Kd8 10. Nxa8 b6 11. d3 Bb7 12. Nxb6 axb6 13. Qf3 Bg7 14.
Be3 f4 15. Bxb6+ Ke8 16. Bd5 g5 17. h4 Bf6 18. hxg5 Bxg5 19. Qh5+ Kf8 20.
Bc5 h6 21. Bxd6 Qxd6 22. Qf7# {Black checkmated} 1-0

[Event "GambitGuide"]
[Site "Internet Chess Club"]
[Date "2014.10.31"]
[Round "1"]
[White "JSBach"]
[Black "croder"]
[Result "0-1"]
[ICCResult "White checkmated"]
[WhiteElo "1712"]
[BlackElo "1604"]
[Opening "Vienna: `Frankenstein-Dracula' variation"]
[ECO "C27"]
[NIC "VG.02"]
[Time "15:10:30"]
[TimeControl "120+12"]

1. e4 e5 2. Nc3 Nf6 3. Bc4 Nxe4 4. Qh5 Nd6 5. Bb3 Nc6 6. Nb5 g6 7. Qf3 f5 8.
Qd5 Qe7 9. Nxc7+ Kd8 10. Nxa8 b6 11. d3 Bb7 12. Nxb6 axb6 13. Qf3 Kc7 14.
Be3 h6 15. Bd5 Qf6 16. c3 Ne7 17. Bxb7 Nxb7 18. Ne2 d5 19. Rb1 Nd6 20. d4 e4
21. Qg3 Kc6 22. Qe5 Qxe5 23. dxe5 Nc4 24. Nd4+ Kb7 25. Bf4 Nc6 26. Nxc6 Kxc6
27. Rg1 g5 28. b3 Na3 29. Rb2 gxf4 30. Kd2 Bg7 31. e6 Kd6 32. g4 Nb5 33. Kc1
Bxc3 34. gxf5 Bxb2+ 35. Kxb2 Nd4 36. a4 Nxf5 37. Rg6 Ne7 38. Rf6 f3 39. a5
bxa5 40. Rf4 Kxe6 41. Rh4 Nf5 42. Rg4 Ke5 43. Kb1 d4 44. Kc1 e3 45. Rg1 e2
46. Kd2 Rc8 47. Ra1 Rc5 48. Rg1 Rc3 49. Ra1 Rxb3 50. Rxa5+ Ke4 51. Ra1 Rd3+
52. Ke1 Rd1+ 53. Rxd1 exd1=Q+ 54. Kxd1 Kd3 55. Ke1 Nh4 56. Kd1 Ng6 57. h3
Nf4 58. h4 h5 59. Ke1 Ng2+ 60. Kf1 Nxh4 61. Ke1 Ng2+ 62. Kf1 Kd2 63. Kg1 Ke2
64. Kh2 d3 65. Kg3 d2 66. Kh2 d1=Q 67. Kg3 Qd6+ 68. Kh3 Nf4+ 69. Kh2 Kxf2
70. Kh1 Qd1+ 71. Kh2 Qg1# {White checkmated} 0-1